SAAA
VIOLA SPEARHEADS @ SCRANTON SUPERNOVAS
08/11/2017
 
TOP OF THE 1ST
Viola Spearheads batting - Pitching for Scranton Supernovas : LHP Felipe Gutiérrez
Pitching: LHP Felipe Gutiérrez
Batting: RHB Jim Unknown 0-0: Called Strike
0-1: Ball
1-1: Ground out 1-3 (Groundball, 13S)
Batting: RHB Bobby Buck 0-0: Ball
1-0: Called Strike
1-1: Foul Ball, location: 2F
1-2: Strikes out swinging
Batting: LHB Jim Unknown 0-0: Swinging Strike
0-1: Ball
1-1: Ball
2-1: Foul Ball, location: 2F
2-2: Foul Ball, location: 2F
2-2: Ground out 6-3 (Groundball, 6M)
Top of the 1st over - 0 run(s), 0 hit(s), 0 error(s), 0 left on base; Viola 0 - Scranton 0
BOTTOM OF THE 1ST
Scranton Supernovas batting - Pitching for Viola Spearheads : RHP Jim Unknown
Pitching: RHP Jim Unknown
Batting: RHB Ryan Simpson 0-0: Swinging Strike
0-1: Ball
1-1: Ball
2-1: Called Strike
2-2: Foul Ball, location: 2F
2-2: Strikes out looking
Batting: RHB Gus Gibbs 0-0: Ball
1-0: Ball
2-0: Called Strike
2-1: Swinging Strike
2-2: Foul Ball, location: 2F
2-2: Foul Ball, location: 2F
2-2: Foul Ball, location: 2F
2-2: Ball
3-2: Base on Balls
Batting: RHB Sergio Canales 0-0: Called Strike
0-1: Ball
1-1: Swinging Strike
1-2: Hit by Pitch
Gus Gibbs to second
Batting: RHB Michael Messer 0-0: Ball
1-0: Ball
2-0: Called Strike
2-1: Ball
3-1: Grounds into double play, 4-6-3 (Groundball, 4)
Bottom of the 1st over - 0 run(s), 0 hit(s), 0 error(s), 1 left on base; Viola 0 - Scranton 0
TOP OF THE 2ND
Viola Spearheads batting - Pitching for Scranton Supernovas : LHP Felipe Gutiérrez
Batting: RHB Jim Unknown 0-0: Called Strike
0-1: Ball
1-1: Swinging Strike
1-2: Ball
2-2: SINGLE (Groundball, 56D)
Batting: SHB Jim Unknown 0-0: Ball
1-0: Foul Ball, location: 2F
1-1: Fly out, F7 (Flyball, 78D)
Batting: LHB Jim Unknown 0-0: Ball
1-0: Ball
2-0: Ball
Wild Pitch!
Jim Unknown to second
3-0: Called Strike
3-1: Called Strike
3-2: Fly out, F9 (Flyball, 9M)
Batting: RHB Jim Unknown 0-0: Foul Ball, location: 2F
0-1: Ball
1-1: Fly out, F3 (Popup, 23F)
Top of the 2nd over - 0 run(s), 1 hit(s), 0 error(s), 1 left on base; Viola 0 - Scranton 0
BOTTOM OF THE 2ND
Scranton Supernovas batting - Pitching for Viola Spearheads : RHP Jim Unknown
Batting: RHB Jerome Wilson 0-0: Ball
1-0: Ground out 6-3 (Groundball, 6)
Batting: RHB Soseki Matsunaga 0-0: Ball
1-0: Ball
2-0: Foul Ball, location: 2F
2-1: DOUBLE (Flyball, 9LM)
Batting: RHB Mark Hines 0-0: Ball
1-0: Fly out, F6 (Popup, 6MD)
Batting: RHB Matt Brown 0-0: Fly out, F4 (Line Drive, 4)
Bottom of the 2nd over - 0 run(s), 1 hit(s), 0 error(s), 1 left on base; Viola 0 - Scranton 0
TOP OF THE 3RD
Viola Spearheads batting - Pitching for Scranton Supernovas : LHP Felipe Gutiérrez
Batting: RHB Jim Unknown 0-0: Ball
1-0: Ball
2-0: Called Strike
2-1: Foul Ball, location: 2F
2-2: Ball
3-2: Base on Balls
Batting: RHB Jim Unknown 0-0: Ball
1-0: Called Strike
1-1: Grounds into double play, 5-4-3 (Groundball, 5)
Batting: RHB Jim Unknown 0-0: Ball
1-0: Foul Ball, location: 2F
1-1: DOUBLE (Line Drive, 9LM)
Batting: RHB Bobby Buck 0-0: Ball
1-0: Foul Ball, location: 2F
1-1: Swinging Strike
1-2: Foul Ball, location: 2F
1-2: Ball
2-2: Foul Ball, location: 2F
2-2: Ball
3-2: Base on Balls
Batting: LHB Jim Unknown 0-0: Ball
1-0: Ball
2-0: 3-RUN HOME RUN (Flyball, 7D), Distance : 388 ft
Batting: RHB Jim Unknown 0-0: Ground out 3-1 (Groundball, 34)
Top of the 3rd over - 3 run(s), 2 hit(s), 0 error(s), 0 left on base; Viola 3 - Scranton 0
BOTTOM OF THE 3RD
Scranton Supernovas batting - Pitching for Viola Spearheads : RHP Jim Unknown
Batting: LHB Mark Evans 0-0: Ball
1-0: Called Strike
1-1: Foul Ball, location: 2F
1-2: Ball
2-2: Strikes out swinging
Batting: RHB Ryan Simpson 0-0: Foul Ball, location: 2F
0-1: DOUBLE (Line Drive, 7LM)
Batting: RHB Gus Gibbs 0-0: Called Strike
0-1: Ball
1-1: Foul Ball, location: 2F
1-2: Foul Ball, location: 2F
1-2: Ball
2-2: Strikes out swinging
Batting: RHB Sergio Canales 0-0: Called Strike
0-1: Foul Ball, location: 2F
0-2: Ball
1-2: DOUBLE (Line Drive, 5D)
Ryan Simpson scores
Batting: RHB Michael Messer 0-0: Called Strike
0-1: Ball
1-1: Ball
2-1: SINGLE (Line Drive, 4MD)
Sergio Canales to third
Runner from 3rd tries for Home, SAFE, no throw or cutoff
Batting: RHB Jerome Wilson 0-0: Ball
1-0: Ground out 6-3 (Groundball, 6)
Bottom of the 3rd over - 2 run(s), 3 hit(s), 0 error(s), 1 left on base; Viola 3 - Scranton 2
TOP OF THE 4TH
Viola Spearheads batting - Pitching for Scranton Supernovas : LHP Felipe Gutiérrez
Batting: SHB Jim Unknown 0-0: Ball
1-0: Called Strike
1-1: Foul Ball, location: 2F
1-2: SINGLE (Groundball, 56D)
Batting: LHB Jim Unknown 0-0: Ball
1-0: Ball
2-0: Called Strike
2-1: Swinging Strike
2-2: Foul Ball, location: 2F
2-2: Ball
3-2: Fly out, F7 (Flyball, 7LM)
Batting: RHB Jim Unknown 0-0: Fly out, F7 (Line Drive, 78M)
Batting: RHB Jim Unknown Reached via error on a dropped throw, E3
Jim Unknown to second
Batting: RHB Jim Unknown 0-0: Foul Ball, location: 2F
0-1: Ball
1-1: Ball
2-1: Foul Ball, location: 2F
2-2: Foul Ball, location: 2F
2-2: Ball
3-2: Foul Ball, location: 2F
3-2: Base on Balls
Jim Unknown to third
Jim Unknown to second
Batting: RHB Jim Unknown 0-0: Ball
1-0: Called Strike
1-1: Ball
2-1: Ball
3-1: Base on Balls
Jim Unknown scores
Jim Unknown to third
Jim Unknown to second
Batting: RHB Bobby Buck 0-0: Swinging Strike
0-1: Foul Ball, location: 2F
0-2: Foul Ball, location: 2F
0-2: Strikes out swinging
Top of the 4th over - 1 run(s), 1 hit(s), 1 error(s), 3 left on base; Viola 4 - Scranton 2
BOTTOM OF THE 4TH
Scranton Supernovas batting - Pitching for Viola Spearheads : RHP Jim Unknown
Batting: RHB Soseki Matsunaga 0-0: Ground out 1-3 (Groundball, 13)
Batting: RHB Mark Hines 0-0: Called Strike
0-1: Swinging Strike
0-2: Strikes out looking
Batting: RHB Matt Brown 0-0: Ground out 5-3 (Groundball, 5)
Bottom of the 4th over - 0 run(s), 0 hit(s), 0 error(s), 0 left on base; Viola 4 - Scranton 2
TOP OF THE 5TH
Viola Spearheads batting - Pitching for Scranton Supernovas : LHP Felipe Gutiérrez
Batting: LHB Jim Unknown 0-0: Called Strike
0-1: Ball
1-1: Ball
2-1: Foul Ball, location: 2F
2-2: Strikes out swinging
Batting: RHB Jim Unknown 0-0: SINGLE (Groundball, 34D)
Batting: SHB Jim Unknown 0-0: Called Strike
0-1: Called Strike
0-2: 2-RUN HOME RUN (Line Drive, 7D), Distance : 391 ft
Pitching: RHP Dan Grant
Batting: LHB Jim Unknown 0-0: Foul Ball, location: 2F
0-1: Fly out, F7 (Flyball, 78M)
Batting: RHB Jim Unknown 0-0: Ball
1-0: Ball
2-0: Called Strike
2-1: Ball
3-1: Foul Ball, location: 2F
3-2: Base on Balls
Batting: RHB Jim Unknown 0-0: Called Strike
0-1: Foul Ball, location: 2F
0-2: Ball
Wild Pitch!
Jim Unknown to second
1-2: SINGLE (Line Drive, 34)
Jim Unknown to third
Batting: RHB Jim Unknown 0-0: Foul Ball, location: 2F
0-1: Called Strike
0-2: Foul Ball, location: 2F
0-2: Foul Ball, location: 2F
0-2: Strikes out swinging
Top of the 5th over - 2 run(s), 3 hit(s), 0 error(s), 2 left on base; Viola 6 - Scranton 2
BOTTOM OF THE 5TH
Scranton Supernovas batting - Pitching for Viola Spearheads : RHP Jim Unknown
Batting: LHB Mark Evans 0-0: Foul Ball, location: 2F
0-1: Ball
1-1: Fly out, F6 (Popup, 6MD)
Batting: RHB Ryan Simpson 0-0: Fly out, F8 (Line Drive, 8LM)
Batting: RHB Gus Gibbs 0-0: Foul Ball, location: 2F
0-1: Fly out, F8 (Flyball, 8LS)
Bottom of the 5th over - 0 run(s), 0 hit(s), 0 error(s), 0 left on base; Viola 6 - Scranton 2
TOP OF THE 6TH
Viola Spearheads batting - Pitching for Scranton Supernovas : RHP Dan Grant
Batting: RHB Jim Unknown 0-0: Ball
1-0: Swinging Strike
1-1: Foul Ball, location: 2F
1-2: Strikes out swinging
Batting: RHB Bobby Buck 0-0: Ball
1-0: Ball
2-0: Fly out, F9 (Flyball, 9LM)
Batting: LHB Jim Unknown 0-0: Foul Ball, location: 2F
0-1: SINGLE (Groundball, 5D)
Batting: RHB Jim Unknown 0-0: Ball
Jim Unknown steals 2nd base
1-0: Foul Ball, location: 2F
1-1: Ball
Jim Unknown steals 3rd base
2-1: Foul Ball, location: 2F
2-2: Ball
3-2: Foul Ball, location: 2F
3-2: Base on Balls
Batting: SHB Jim Unknown 0-0: Called Strike
0-1: Ball
1-1: Fly out, F8 (Flyball, 8RD)
Top of the 6th over - 0 run(s), 1 hit(s), 0 error(s), 2 left on base; Viola 6 - Scranton 2
BOTTOM OF THE 6TH
Scranton Supernovas batting - Pitching for Viola Spearheads : RHP Jim Unknown
Batting: RHB Sergio Canales 0-0: Swinging Strike
0-1: Foul Ball, location: 2F
0-2: DOUBLE (Line Drive, 7LM)
Batting: RHB Michael Messer 0-0: Fly out, F7 (Flyball, 7M)
Batting: RHB Jerome Wilson 0-0: Ball
1-0: Called Strike
1-1: Fly out, F9 (Flyball, 89M)
Batting: RHB Soseki Matsunaga 0-0: Called Strike
0-1: Ball
1-1: Ball
2-1: Ball
3-1: TRIPLE (Flyball, 89XD)
Sergio Canales scores
Batting: RHB Mark Hines 0-0: Ball
1-0: Called Strike
1-1: Ball
2-1: Ball
3-1: Foul Ball, location: 2F
3-2: Base on Balls
Batting: RHB Matt Brown 0-0: Ball
1-0: Swinging Strike
1-1: Ball
2-1: Called Strike
2-2: Foul Ball, location: 2F
2-2: Foul Ball, location: 2F
2-2: Ball
3-2: Foul Ball, location: 2F
3-2: Foul Ball, location: 2F
3-2: Strikes out swinging
Bottom of the 6th over - 1 run(s), 2 hit(s), 0 error(s), 2 left on base; Viola 6 - Scranton 3
TOP OF THE 7TH
Viola Spearheads batting - Pitching for Scranton Supernovas : RHP Dan Grant
Batting: LHB Jim Unknown 0-0: Ball
1-0: Ball
2-0: Ball
3-0: Base on Balls
Batting: RHB Jim Unknown 0-0: Ball
1-0: Called Strike
1-1: Fly out, F7 (Flyball, 78XD)
Pitching: RHP Paul Clark
Batting: RHB Jim Unknown 0-0: Swinging Strike
Jim Unknown steals 2nd base
0-1: Swinging Strike
0-2: Foul Ball, location: 2F
0-2: Strikes out swinging
Batting: RHB Jim Unknown 0-0: Foul Ball, location: 2F
0-1: Ball
1-1: Ball
2-1: Swinging Strike
2-2: Foul Ball, location: 2F
2-2: Ball
3-2: Foul Ball, location: 2F
3-2: SINGLE (Groundball, 6MD)
Jim Unknown to third
Jim Unknown scores
Batting: RHB Jim Unknown 0-0: Called Strike
0-1: Ball
1-1: SINGLE (Groundball, 6MD)
Jim Unknown to second
Batting: RHB Bobby Buck 0-0: Swinging Strike
0-1: Called Strike
0-2: Strikes out looking
Top of the 7th over - 1 run(s), 2 hit(s), 0 error(s), 2 left on base; Viola 7 - Scranton 3
BOTTOM OF THE 7TH
Scranton Supernovas batting - Pitching for Viola Spearheads : RHP Jim Unknown
Batting: LHB Mark Evans 0-0: Ball
1-0: SINGLE (Flyball, 4MD)
Batting: RHB Ryan Simpson 0-0: Ball
1-0: Foul Ball, location: 2F
1-1: Ball
2-1: Fly out, F7 (Flyball, 78M)
Batting: RHB Gus Gibbs 0-0: Ball
1-0: Called Strike
1-1: Swinging Strike
1-2: Strikes out swinging
Pitching: RHP Mike Lindsay
Batting: RHB Sergio Canales 0-0: Ball
1-0: Foul Ball, location: 2F
1-1: Called Strike
1-2: Strikes out swinging
Bottom of the 7th over - 0 run(s), 1 hit(s), 0 error(s), 1 left on base; Viola 7 - Scranton 3
TOP OF THE 8TH
Viola Spearheads batting - Pitching for Scranton Supernovas : RHP Paul Clark
Batting: LHB Jim Unknown 0-0: Ball
1-0: SINGLE (Flyball, 7S)
Batting: RHB Jim Unknown 0-0: 2-RUN HOME RUN (Flyball, 7D), Distance : 394 ft
Pitching: RHP Tony Newell
Batting: SHB Jim Unknown 0-0: SINGLE (Line Drive, 34)
Batting: LHB Jim Unknown 0-0: Ball
1-0: Ball
2-0: Fly out, F3 (Popup, 3F)
Batting: RHB Jim Unknown 0-0: SINGLE (Line Drive, 8RS)
Jim Unknown to second
Batting: RHB Jim Unknown 0-0: Ball
1-0: Ball
2-0: SINGLE (Line Drive, 89S)
Jim Unknown to third
Jim Unknown to second
Batting: RHB Jim Unknown 0-0: Ball
1-0: Ball
2-0: Called Strike
2-1: SINGLE (Line Drive, 6MD)
Jim Unknown scores
Jim Unknown to third
Jim Unknown to second
Runner from 3rd tries for Home, SAFE, no throw or cutoff
Batting: RHB Jim Unknown 0-0: Ball
1-0: Foul Ball, location: 2F
1-1: Ball
2-1: Foul Ball, location: 2F
2-2: Ball
3-2: Foul Ball, location: 2F
3-2: Foul Ball, location: 2F
3-2: Base on Balls
Jim Unknown to third
Jim Unknown to second
Batting: RHB Bobby Buck 0-0: Fly out, F4 (Popup, 9LS)
Batting: LHB Jim Unknown 0-0: Called Strike
0-1: SINGLE (Flyball, 7LS)
Jim Unknown scores
Jim Unknown to third
Jim Unknown to second
Pitching: RHP Clinton Anderson
Batting: RHB Jim Unknown 0-0: Called Strike
0-1: Foul Ball, location: 2F
0-2: Ball
1-2: Fly out, F9 (Popup, 34D)
Top of the 8th over - 5 run(s), 7 hit(s), 0 error(s), 3 left on base; Viola 12 - Scranton 3
BOTTOM OF THE 8TH
Scranton Supernovas batting - Pitching for Viola Spearheads : RHP Mike Lindsay
Batting: RHB Michael Messer 0-0: Ball
1-0: Swinging Strike
1-1: Ball
2-1: Ball
3-1: DOUBLE (Flyball, 7D)
Batting: RHB Jerome Wilson 0-0: Called Strike
0-1: Ball
1-1: Foul Ball, location: 2F
1-2: Ground out 5-3 (Groundball, 5S)
Michael Messer to third
Batting: RHB Soseki Matsunaga 0-0: Called Strike
0-1: Swinging Strike
0-2: Strikes out looking
Batting: RHB Mark Hines 0-0: Called Strike
0-1: Foul Ball, location: 2F
0-2: Strikes out looking
Bottom of the 8th over - 0 run(s), 1 hit(s), 0 error(s), 1 left on base; Viola 12 - Scranton 3
TOP OF THE 9TH
Viola Spearheads batting - Pitching for Scranton Supernovas : RHP Clinton Anderson
Batting: SHB Jim Unknown 0-0: Called Strike
0-1: Ball
1-1: Ball
2-1: Ball
3-1: Foul Ball, location: 2F
3-2: Base on Balls
Batting: LHB Jim Unknown 0-0: Called Strike
0-1: Ground out 6-3 (Groundball, 6MS)
Jim Unknown to second
Batting: RHB Jim Unknown 0-0: Ball
1-0: Ball
2-0: Ball
3-0: Base on Balls
Batting: RHB Jim Unknown 0-0: Reached on error, E6 (Groundball, 6)
Jim Unknown to third
Jim Unknown to second
Batting: RHB Jim Unknown 0-0: Called Strike
0-1: Ball
1-1: Called Strike
1-2: Foul Ball, location: 2F
1-2: Foul Ball, location: 2F
1-2: Fly out, F8 (Line Drive, 8LXD)
Runner from 3rd tags up, SCORES, no throw
Batting: RHB Jim Unknown 0-0: Swinging Strike
0-1: Ball
1-1: Ball
2-1: Ground out 1-3 (Groundball, 23)
Top of the 9th over - 1 run(s), 0 hit(s), 1 error(s), 2 left on base; Viola 13 - Scranton 3
BOTTOM OF THE 9TH
Scranton Supernovas batting - Pitching for Viola Spearheads : RHP Mike Lindsay
Batting: RHB Matt Brown 0-0: Called Strike
0-1: Ground out 5-3 (Groundball, 5L)
Batting: LHB Mark Evans 0-0: Fly out, F5 (Popup, 15)
Batting: RHB Ryan Simpson 0-0: Called Strike
0-1: Fly out, F9 (Flyball, 89M)
Bottom of the 9th over - 0 run(s), 0 hit(s), 0 error(s), 0 left on base; Viola 13 - Scranton 3
This league is powered by Out of the Park Baseball, the baseball management simulation game for PC, Mac and Linux
Saturday, February 27th, 2021 - OOTP Baseball 15.6 Build 34